 Dungeon Crawl Stone Soup version 0.30.0-29-ga12c61a403 (webtiles) character file.

Game seed: 17943988300666978185

84 cheesebisquit the Changer (level 4, 0/35 HPs)
             Began as a Draconian Transmuter on June 9, 2023.
             Slain by a cerulean imp
             ... wielding a +0 spear
             ... summoned by Natasha
              (4 damage)
             ... on level 2 of the Dungeon.
             The game lasted 00:08:24 (1467 turns).

cheesebisquit the Changer (Draconian Transmuter)    Turns: 1467, Time: 00:08:25

Health: 0/35       AC:  5    Str: 13    XL:     4   Next: 24%
Magic:  4/7        EV: 12    Int: 15    God:
Gold:   85         SH:  4    Dex: 17    Spells: 2/8 levels left

rFire   + .          .
                       - Unarmed
rCold   . . .        i - +0 buckler
rNeg    . . .        (body armour unavailable)
rPois   .            (helmet restricted)
rElec   .            (no cloak)
rCorr   .            (no gloves)
SInv    .            (no boots)
Will    .....        (no amulet)
Stlth   ++           e - ring of protection from fire
HPRegen 0.25/turn    g - +6 ring of dexterity
MPRegen 0.10/turn

%: no passive effects
@: wereblooded, slowed, very slow
A: AC +5, unfitting armour, cold-blooded
a: no special abilities


You were on level 2 of the Dungeon.
You visited 1 branch of the dungeon, and saw 2 of its levels.

You collected 85 gold pieces.

Inventory:

Missiles
 n - 12 poisoned darts
Armour
 i - a +0 buckler (worn)
Jewellery
 e - a ring of protection from fire (left hand)
 g - a +6 ring of dexterity (right hand)
Scrolls
 b - 5 scrolls of identify {unknown}
 h - a scroll of vulnerability {unknown}
 j - a scroll of fog {unknown}
 k - a scroll of brand weapon {unknown}
 l - a scroll of magic mapping {unknown}
 m - a scroll of immolation {unknown}
Potions
 a - a potion of lignification
 c - 3 potions of attraction {unknown}
 d - a potion of brilliance
 f - a potion of might {unknown}


   Skills:
 - Level 1.1 Fighting
 - Level 1.7 Dodging
 + Level 1.3 Shields
 - Level 3.0 Unarmed Combat
 + Level 2.6 Spellcasting
 + Level 3.4 Transmutations
 + Level 1.0 Poison Magic


You had 2 spell levels left.
You knew the following spells:

 Your Spells              Type           Power      Damage    Failure   Level
a - Beastly Appendage     Tmut           24%        N/A       7%          1
b - Wereblood             Tmut           12%        N/A       11%         2
c - Spider Form           Tmut/Pois      8%         N/A       32%         3

Your spell library contained the following spells:

 Spells                   Type           Power      Damage    Failure   Level
 Sting                    Tmut/Pois      32%        1d4       11%         1
 Poisonous Vapours        Pois/Air       6%         N/A       34%         2
 Ice Form                 Ice/Tmut       7%         N/A       80%         4
 Olgreb's Toxic Radiance  Pois           5%         N/A       88%         4


Dungeon Overview and Level Annotations

Branches:
Dungeon (2/15)

Altars:

Shops:
D:1 *

Annotations:
D:2 Natasha


Innate Abilities, Weirdness & Mutations

Your plain brown scales are hard. (AC +5)
You cannot fit into any form of body armour.
You are cold-blooded and may be slowed by cold attacks.


Message History

Your magical contamination has completely faded away.
You barely miss Natasha. You tail-slap Natasha.
Natasha is lightly wounded.
Natasha claws you!
* * * LOW HITPOINT WARNING * * *
The cerulean imp hits you but does no damage.
Natasha barely misses you.
You closely miss Natasha.
Natasha is lightly wounded.
The cerulean imp closely misses you.
Natasha stares at you and mumbles some strange words.
You feel as though you will be slow longer.
The cerulean imp barely misses you.
You hit Natasha.
Your tail-slap misses Natasha.
Natasha is heavily wounded.
Natasha seems less brilliant.
Natasha mumbles some strange words.
The cerulean imp closely misses you. Natasha misses you.
The cerulean imp misses you.
You hit Natasha but do no damage. You claw Natasha.
Natasha is severely wounded.
Natasha stares at you and mumbles some strange words.
You feel as though you will be slow longer.
The cerulean imp misses you.
The cerulean imp hits you but does no damage.
You hit Natasha but do no damage. Your kick misses Natasha.
Natasha is severely wounded.
Natasha claws you.
* * * LOW HITPOINT WARNING * * *
The cerulean imp closely misses you. x2; Natasha claws you.
* * * LOW HITPOINT WARNING * * *
You closely miss Natasha.
Natasha is severely wounded.
You howl as the wereblood boils in your veins!
Your horns disappear.
Your talons disappear.
The cerulean imp hits you with a +0 spear.
* * * LOW HITPOINT WARNING * * *
The cerulean imp misses you. Natasha closely misses you.
The cerulean imp hits you with a +0 spear.
You die...

............. .. #.. ..#
............... .....# #.#
#####....### #. #.##.# #.#
.........# ##.##.##.# #.#
.####....# #........# #.#
.........#
#........######.#####
###....#.#
#....5.......<.......
#.#..#.#
#....5...#.####.#####
#.#..#)# ##..h@....#.# #.# .
#.#..#.###...).....#.# #.#
.##.#.##.............#.## #.#
##
.##.#............###....###.#
#. .##.#.#####......#
#..#<....# #. .##.#.#
##...#.# ##...##### #.
.##.#># #####.#####.## #.
.##.#.# #######.##....# #.
.##)#.# #.............# #.


You could see Natasha and 2 cerulean imps.

Vanquished Creatures
  Natasha (D:2)
  An adder (D:2)
  A worm (D:2)
  A dart slug (D:2)
  6 ball pythons
  2 bats
  4 endoplasms
  2 goblins (D:2)
  5 hobgoblins
  7 jackals
  6 kobolds
  2 quokkas
  3 frilled lizards (D:2)
  3 rats
44 creatures vanquished.

Notes
Turn   | Place    | Note
-------+----------+-------------------------------------------
     0 | D:1      | cheesebisquit the Draconian Transmuter began the quest for
                  | the Orb.
     0 | D:1      | Reached XP level 1. HP: 16/16 MP: 3/3
   156 | D:1      | Reached XP level 2. HP: 23/23 MP: 3/5
   167 | D:1      | Learned a level 2 spell: Wereblood
   429 | D:1      | Found Pyqatun's Assorted Antiques.
   654 | D:2      | Reached XP level 3. HP: 26/28 MP: 6/6
   742 | D:2      | Learned a level 3 spell: Spider Form
  1175 | D:2      | Reached skill level 1 in Shields
  1345 | D:2      | Found a faded altar of an unknown god.
  1351 | D:2      | Noticed Natasha
  1360 | D:2      | Killed Natasha
  1361 | D:2      | Reached skill level 1 in Poison Magic
  1361 | D:2      | Reached XP level 4. HP: 35/35 MP: 5/7
  1452 | D:2      | Noticed Natasha
  1467 | D:2      | Slain by a cerulean imp

Illustrated notes

Levels and vault maps discovered:
D:1:      dpeg_arrival_lava_temple_mockup, layout_rooms, serial_shops,
          nicolae_shop_back_alley_shop
D:2:      layout_loops_ring, basic_ecumenical_altar, bh_walls_and_bars,
          uniq_natasha

Skill      XL: |  1  2  3 |
---------------+----------+-----
Transmutations | 3 |  3.4
Shields        | 1 |  1.3
Poison Magic   | 1 |  1.0
Fighting       | |  1.1
Dodging        | |  1.7
Unarmed Combat | |  3.0
Spellcasting   | |  2.6

Action                     |  1- 3 |  4- 6 || total
---------------------------+-------+-------++-------
  Melee: Unarmed           |   100 |     8 ||   108
         Kick              |    22 |     3 ||    25
         Tailslap          |    10 |     1 ||    11
         Headbutt          |    11 |       ||    11
         Punch             |     1 |       ||     1
   Cast: Beastly Appendage |    23 |     1 ||    24
         Wereblood         |     2 |     1 ||     3
   Stab: Sleeping          |     2 |       ||     2
         Distracted        |     1 |       ||     1
 Armour: Skin              |    24 |     6 ||    30
  Dodge: Dodged            |    45 |    17 ||    62
  Block: Buckler           |    13 |     3 ||    16
